 Dungeon Crawl Stone Soup version 0.20-a0-551-gc8f91ca (webtiles) character file.

2996 azzole the Quickloader (level 9, -14/44 HPs)
             Began as a Vine Stalker Wanderer on Feb 2, 2017.
             Was a Follower of Kikubaaqudgha.
             Killed from afar by dricus's ghost (18 damage)
             ... with an orb of energy
             ... on level 7 of the Dungeon on Feb 3, 2017.
             The game lasted 00:31:58 (7562 turns).

azzole the Quickloader (Vine Stalker Wanderer)      Turns: 7562, Time: 00:31:59

Health: -14/44     AC: 12    Str: 15    XL:     9   Next: 84%
Magic:  0/10       EV: 11    Int: 13    God:    Kikubaaqudgha [*.....]
Gold:   375        SH:  0    Dex: 16    Spells: 4/8 levels left

rFire    . . .     SeeInvis .   O - +2 dagger (speed)
rCold    . . .     Gourm    .   a - +2 scale mail
rNeg     . . .     Faith    .   (no shield)
rPois    .         Spirit   +   (no helmet)
rElec    .         Reflect  .   (no cloak)
rCorr    +         Harm     .   (no gloves)
MR       +....                  Q - +2 pair of boots {Stlth+}
Stlth    ++........             (no amulet)
Regen    0.6/turn               K - ring of wizardry
                                l - ring of resist corrosion

@: very slightly contaminated, hasted, very quick
A: fangs 3, regeneration 1, magic shield, antimagic bite, no potion heal 3, rot
immunity
a: Receive Corpses, Renounce Religion


You were on level 7 of the Dungeon.
You worshipped Kikubaaqudgha.
Kikubaaqudgha was aware of your devotion.
You were not hungry.

You visited 1 branch of the dungeon, and saw 8 of its levels.
You also visited: Sewer.

You collected 450 gold pieces.
You spent 75 gold pieces at shops.

Inventory:

Hand Weapons
 b - a +0 hand crossbow
 D - a +1 hand axe of pain
 O - a +2 dagger of speed (weapon)
 V - a +3 double sword
Missiles
 c - 29 bolts
 h - 173 stones (quivered)
 t - 5 javelins
 w - 2 curare-tipped needles
 x - 16 tomahawks
Armour
 a - a +2 scale mail (worn)
 Q - a +2 pair of boots of stealth (worn)
Jewellery
 l - a ring of resist corrosion (left hand)
 F - an uncursed ring of flight
 K - a ring of wizardry (right hand)
 L - an uncursed ring of fire
Wands
 y - a wand of lightning (3/15)
 B - a wand of polymorph (6/24)
 R - a wand of acid (11/15)
Scrolls
 d - a scroll of teleportation
 i - 2 scrolls of amnesia {unknown}
 k - 8 scrolls of remove curse
 n - 3 scrolls of blinking {unknown}
 p - 3 scrolls of fear {unknown}
 r - a scroll of enchant weapon {unknown}
 I - a scroll of noise {unknown}
 P - 4 scrolls of magic mapping
 W - a scroll of brand weapon
Potions
 g - 2 potions of magic
 j - a potion of ambrosia
 q - 2 potions of berserk rage {unknown}
 s - 2 potions of flight {unknown}
 v - a potion of invisibility {unknown}
 z - a potion of mutation
 C - 3 potions of might {unknown}
 G - 2 potions of brilliance {unknown}
 H - 2 potions of haste
 J - 3 potions of agility {unknown}
 M - a potion of beneficial mutation {unknown}
 X - a potion of lignification {unknown}
Books
 e - a book of Cantrips

   Spells                             Type                      Level
   a - Confusing Touch                Hexes                        1
   b - Animate Skeleton               Necromancy                   1
   c - Summon Small Mammal            Summoning                    1
   d - Apportation                    Translocation                1
 E - a book of Battle

   Spells                             Type                      Level
   a - Infusion                       Charms                       1
   b - Shroud of Golubria             Charms/Translocation         2
   c - Song of Slaying                Charms                       2
   d - Spectral Weapon                Hexes/Charms                 3
   e - Regeneration                   Charms/Necromancy            3
 T - Kikubaaqudgha's Almanac of Unholy Rituals
   (Kikubaaqudgha gifted it to you on level 8 of the Dungeon)

   Spells                             Type                      Level
   a - Animate Skeleton               Necromancy                   1
   b - Corpse Rot                     Necromancy                   2
   c - Sublimation of Blood           Necromancy                   2
   d - Vampiric Draining              Necromancy                   3
   e - Control Undead                 Necromancy                   4
 U - a book of Maledictions

   Spells                             Type                      Level
   a - Corona                         Hexes                        1
   b - Ensorcelled Hibernation        Hexes/Ice                    2
   c - Confuse                        Hexes                        3
   d - Tukima's Dance                 Hexes                        3
   e - Dazzling Spray                 Conjuration/Hexes            3
 Y - a book of Callings

   Spells                             Type                      Level
   a - Summon Small Mammal            Summoning                    1
   b - Call Imp                       Summoning                    2
   c - Call Canine Familiar           Summoning                    3
   d - Summon Guardian Golem          Hexes/Summoning              3
   e - Summon Lightning Spire         Summoning/Air                4
   f - Summon Ice Beast               Ice/Summoning                4
Comestibles
 f - 7 bread rations
 m - 2 royal jellies
 u - 3 meat rations
 N - 2 fruits
 Z - 2 chunks of flesh


   Skills:
 - Level 3.4 Fighting
 - Level 3.0 Short Blades
 - Level 6.1 Axes
 - Level 8.0 Crossbows
 - Level 4.1 Armour
 + Level 3.3 Dodging
 - Level 1.2 Stealth
 - Level 0.2 Unarmed Combat
 + Level 0.2 Spellcasting
 * Level 3.7 Necromancy
 + Level 1.0 Evocations


You had 4 spell levels left.
You knew the following spells:

 Your Spells              Type           Power        Failure   Level  Hunger
a - Animate Skeleton      Necr           N/A          12%         1    ##.....
b - Vampiric Draining     Necr           #.........   45%         3    ####...


Dungeon Overview and Level Annotations

Branches:
Dungeon (8/15)
 Temple: D:4-7         Lair: D:8-11

Altars:
Ashenzari
Elyvilon
Gozag
Hepliaklqana
Kikubaaqudgha
Makhleb
Qazlal
Ru
Sif Muna
Xom
Yredelemnul

Shops:
D:6 (   D:7 ?

Annotations:
D:7 dricus's ghost, novice DECj


Innate Abilities, Weirdness & Mutations

You have razor-sharp teeth.
Your natural rate of healing is unusually fast.
When hurt, damage is shared between your health and your magic reserves.
Your bite disrupts and absorbs the magic of your enemies.
Potions cannot restore your health.
You are immune to rotting.


Message History

The barrage of energy hits you!
* * * LOW HITPOINT WARNING * * *
Okay, then.
Unknown command.
You're too confused!
Unknown command.
Dricus's ghost gestures at you while chanting.
The spray of energy misses you.
The battlesphere fires!
The barrage of energy hits you!
You bump into the rock wall.
Dricus's ghost gestures at you while chanting.
The spray of energy hits you!
* * * LOW HITPOINT WARNING * * *
The battlesphere fires!
The barrage of energy hits you!
You're too confused to move!
You feel less confused.
Dricus's ghost points at you and mumbles some strange words.
The orb of energy hits you!
You die...
Kikubaaqudgha rasps: "You have failed me!
Welcome... death!"

##########
.........#
.........# ######
≈≈.......####
##.....
≈≈≈≈....W...#
##......
≈≈≈≈≈≈....*.#####
#.......
.≈≈≈≈≈≈......@..##
#.......
.≈≈≈≈≈≈.....###..#
#.......
.≈≈≈≈≈≈.....# #####
#....<..
≈≈≈≈≈≈≈.....####..#
###...)...
≈≈≈≈≈≈.........#.##
#.........
≈≈≈≈......#....#..#
###.......
.............#'##
#.......
...........).#
#.......
#............##
#...[...


You could see a battlesphere and dricus's ghost.

Vanquished Creatures
  A wyvern (D:7)
  A hungry ghost (D:8)
  A water moccasin (D:6)
  An orc warrior (D:7)
  An ogre (D:5)
  2 ice beasts
  A phantom (D:8)
  3 centaurs
  6 bullfrogs
  2 scorpions
  4 wights (D:7)
  4 crimson imps
  7 orc wizards
  4 hounds
  A jelly (D:4)
  5 orc priests
  A centaur skeleton (D:4)
  2 iguanas
  2 worker ants
  Natasha (twice) (D:3)
  8 adders
  9 gnolls
  A howler monkey skeleton (D:6)
  2 shadow imps
  An ooze (D:3)
  An adder zombie (D:5)
  An adder skeleton (D:8)
  12 dart slugs
  3 leopard geckos
  27 orcs
  5 ball pythons
  14 bats
  4 giant cockroaches
  2 gnoll zombies (D:6)
  7 goblins
  14 hobgoblins
  6 jackals
  6 quokkas
  10 frilled lizards
  A jackal skeleton (D:4)
  9 kobolds
  2 leopard gecko skeletons (D:6)
  6 rats
202 creatures vanquished.

Vanquished Creatures (collateral kills)
  An ogre (D:7)
  A big kobold (D:7)
2 creatures vanquished.

Grand Total: 204 creatures vanquished

Notes
Turn   | Place    | Note
-------+----------+-------------------------------------------
     0 | D:1      | azzole the Vine Stalker Wanderer began the quest for the Orb.
     0 | D:1      | azzole set off with: a +2 scale mail, a +0 hand crossbow, 21 bolts, a scroll of teleportation, a bread ration
     0 | D:1      | Reached XP level 1. HP: 9/9 MP: 2/2
    76 | D:1      | Reached skill level 3 in Crossbows
    76 | D:1      | Reached XP level 2. HP: 13/13 MP: 3/3
   430 | D:1      | Reached XP level 3. HP: 15/16 MP: 2/4
  1197 | D:2      | Gained mutation: Your natural rate of healing is unusually fast. [Vine Stalker growth]
  1197 | D:2      | Reached XP level 4. HP: 12/21 MP: 3/5
  1224 | D:2      | Reached skill level 4 in Crossbows
  1237 | D:2      | Reached skill level 1 in Dodging
  1327 | D:3      | Found a deep blue altar of Sif Muna.
  1331 | D:3      | Found a shattered altar of Ashenzari.
  1496 | D:3      | Found a sacrificial altar of Ru.
  1743 | D:3      | Reached skill level 1 in Fighting
  1860 | D:3      | Reached XP level 5. HP: 8/25 MP: 1/6
  1885 | D:3      | Noticed Natasha
  1888 | D:3      | Killed Natasha
  1970 | D:3      | Reached skill level 1 in Short Blades
  2139 | D:3      | Noticed Natasha
  2143 | D:3      | Killed Natasha
  2143 | D:3      | Reached skill level 5 in Crossbows
  2194 | D:4      | Noticed a centaur
  2198 | D:3      | Reached XP level 6. HP: 30/30 MP: 7/7
  2644 | D:4      | Reached XP level 7. HP: 27/34 MP: 6/8
  2720 | D:4      | Reached skill level 6 in Crossbows
  2764 | D:4      | Found a stormy altar of Qazlal.
  3423 | D:5      | Entered Level 5 of the Dungeon
  3679 | D:5      | Found a hazy altar of Hepliaklqana.
  3749 | D:5      | Found a shimmering altar of Xom.
  4036 | D:5      | Gained mutation: You have razor-sharp teeth. [Vine Stalker growth]
  4036 | D:5      | Reached XP level 8. HP: 30/39 MP: 6/9
  4040 | D:5      | Reached skill level 1 in Axes
  4075 | D:5      | Reached skill level 7 in Crossbows
  4550 | D:6      | Found an ancient bone altar of Kikubaaqudgha.
  4562 | D:6      | Became a worshipper of Kikubaaqudgha
  4631 | D:6      | Found a white marble altar of Elyvilon.
  4827 | D:6      | Found a glowing drain.
  4832 | Sewer    | Entered a sewer
  5027 | Sewer    | Noticed Purgy
  5229 | D:6      | Found a basalt altar of Yredelemnul.
  5287 | D:6      | Found Nonoh's Weapon Shop.
  5295 | D:6      | Reached skill level 8 in Crossbows
  5593 | D:7      | Reached skill level 1 in Necromancy
  5595 | D:7      | Found Qopyll's Magic Scroll Shop.
  5738 | D:7      | Reached XP level 9. HP: 41/44 MP: 10/10
  5751 | D:7      | Bought a scroll of identify for 20 gold pieces
  5751 | D:7      | Bought a scroll of magic mapping for 35 gold pieces
  5751 | D:7      | Bought a scroll of identify for 20 gold pieces
  5923 | D:8      | Reached * piety under Kikubaaqudgha
  5923 | D:8      | Identified Kikubaaqudgha's Almanac of Unholy Rituals (Kikubaaqudgha gifted it to you on level 8 of the Dungeon)
  5923 | D:8      | Received a gift from Kikubaaqudgha
  5927 | D:8      | Learned a level 1 spell: Animate Skeleton
  6003 | D:8      | Found a burning altar of Makhleb.
  6883 | D:8      | Found an opulent altar of Gozag.
  7129 | D:7      | Reached skill level 5 in Axes
  7252 | D:7      | Learned a level 3 spell: Vampiric Draining
  7544 | D:7      | Noticed dricus's ghost (novice DECj)
  7562 | D:7      | Killed from afar by dricus's ghost

Vault maps used:
D:1:      elethiomel_arrival_maze, minmay_hexomino_u4
D:2:      first_bread
D:3:      grunt_temple_overflow_open, lemuel_doored_altar,
          minmay_misc_feat_tiny, kennysheep_generic_room_8, uniq_natasha
D:4:      overflow_temple_1_default, hangedman_decor_peaks_small,
          hangedman_decor_push, roderic_batcave
D:5:      kennysheep_slugbush, kennysheep_little_box, lemuel_round_altar,
          minmay_fountain_box
D:6:      kiku_gazebo_garden_becter, lemuel_zombie_altar_yredelemnul,
          serial_shops, nicolae_shop_waterfront, gup_sewer_entry_bowl,
          elyvilon_altar_4
D:7:      kennysheep_orc_sif_temple, temple_pool_b, serial_shops,
          nicolae_shop_statue_plus, nicolae_shop_overgrown_old_shop, the_bakery
D:8:      lemuel_round_altar, makhleb_grotto_becter
Sewer:    sewer_co_purgy_island

Skill      XL: |  1  2  3  4  5  6  7  8  9 |
---------------+----------------------------+-----
Crossbows      | 3 4 5 6 8 |  8.0
Dodging        | 1 2 3 |  3.3
Fighting       | 1 2 3 |  3.4
Short Blades   | 1 2 3 |  3.0
Axes           | 2 6 |  6.1
Necromancy     | 1 3 |  3.7
Armour         | |  4.1
Stealth        | |  1.2
Unarmed Combat | |  0.2
Spellcasting   | |  0.2
Evocations     | |  1.0

Action                   |  1- 3 |  4- 6 |  7- 9 || total
-------------------------+-------+-------+-------++-------
Melee: Unarmed           |    30 |       |       ||    30
       Short sword       |    41 |       |    92 ||   133
       Bite              |    14 |       |   101 ||   115
       Hand axe          |       |       |   125 ||   125
       Punch             |       |       |     2 ||     2
       Dagger            |       |       |   110 ||   110
 Fire: Hand crossbow     |    68 |   131 |   288 ||   487
Throw: Stone             |     5 |       |       ||     5
 Cast: Animate Skeleton  |       |       |     4 ||     4
Evoke: Wand              |       |       |     1 ||     1
  Use: Scroll            |       |       |     9 ||     9
       Potion            |       |       |     2 ||     2
 Stab: Sleeping          |       |       |     1 ||     1
  Eat: Chunk             |     1 |     4 |    17 ||    22
       Fruit             |       |       |     2 ||     2
       Bread ration      |       |       |     1 ||     1
Armor: Scale mail        |    59 |    51 |   208 ||   318
Dodge: Dodged            |    58 |    43 |   198 ||   299
